 Dungeon Crawl Stone Soup version 0.22-a0-515-g75794bf (webtiles) character file.

35545 4thArraOfDagon the Grappler (level 13, 0/128 HPs)
             Began as a Troll Monk on June 19, 2018.
             Was the Champion of Cheibriados.
             Killed by divine providence
             ... invoked by Saint Roka
              (12 damage)
             ... on level 2 of the Orcish Mines.
             The game lasted 00:35:45 (6555 turns).

4thArraOfDagon the Grappler (Troll Monk)            Turns: 6555, Time: 00:35:46

Health: 0/128      AC:  8    Str: 47    XL:     13   Next: 48%
Magic:  4/18       EV: 21    Int: 25    God:    Cheibriados [******]
Gold:   297        SH: 15    Dex: 25    Spells: 9/12 levels left

rFire    + . .     SeeInvis .     - Unarmed
rCold    + . .     Gourm    +   i - +0 shield
rNeg     . . .     Faith    .   D - +2 robe {MR+}
rPois    +         Spirit   .   N - +0 hat of Resilience {rPois Str+5 Dex-2}
rElec    .         Reflect  .   j - +0 cloak
rCorr    .         Harm     .   (gloves unavailable)
MR       +....                  (boots unavailable)
Stlth    ++........             (no amulet)
HPRegen  0.71/turn              p - +4 ring of evasion
MPRegen  0.16/turn              F - ring "Onlengaff" {rF+ Str+3}

@: very slow
A: large, unfitting armour, claws 3, cold resistance 1, fast metabolism 3,
gourmand, regeneration 1, shaggy fur 1, strong 1, tough skin 2
a: Bend Time, Temporal Distortion, Slouch, Step From Time, Renounce Religion


You were on level 2 of the Orcish Mines.
You worshipped Cheibriados.
Cheibriados was exalted by your worship.
You were very full.

You visited 3 branches of the dungeon, and saw 18 of its levels.
You also visited: Labyrinth and Volcano.

You collected 1279 gold pieces.
You spent 982 gold pieces at shops.

Inventory:

Hand Weapons
 g - the +6 Majin-Bo {vamp, Archmagi MP+6 Int+6}
   (You took it off a minotaur in a labyrinth)

   It inflicts no extra harm, but heals its wielder when it wounds a living foe.
   It affects your intelligence (+6).
   It affects your magic capacity (+6).
Missiles
 x - 14 large rocks (quivered)
 C - a throwing net
Armour
 a - a +1 robe
 i - a +0 shield (worn)
 j - a +0 cloak (worn)
 k - a +2 hat
 D - a +2 robe of magic resistance (worn)
 N - the +0 hat of Resilience (worn) {rPois Str+5 Dex-2}
   (You acquired it on level 2 of the Orcish Mines)

   It affects your strength (+5).
   It affects your dexterity (-2).
   It protects you from poison.
Jewellery
 e - an uncursed ring of ice
 p - a +4 ring of evasion (left claw)
 q - an uncursed ring of resist corrosion
 s - an uncursed ring of ice
 y - a +2 ring of strength
 z - an uncursed ring of protection from fire
 B - an uncursed ring of fire
 E - a +3 ring of intelligence
 F - the ring "Onlengaff" (right claw) {rF+ Str+3}
   (You found it in a labyrinth)

   [ring of protection from fire]

   It affects your strength (+3).
   It protects you from fire.
Wands
 l - a wand of paralysis (16)
 o - a wand of flame (32)
 G - a wand of digging (17)
 H - a wand of polymorph (5)
Scrolls
 c - 3 scrolls of enchant armour
 d - 4 scrolls of remove curse
 f - 5 scrolls of teleportation
 u - a scroll of amnesia
 I - a scroll of fog
 M - a scroll of blinking
Potions
 h - 4 potions of curing
 n - a potion of lignification
 v - 4 potions of brilliance
 w - a potion of magic
 A - a potion of flight
 J - 2 potions of cancellation {unknown}
 K - 2 potions of resistance {unknown}
 L - a potion of might
Comestibles
 b - 25 rations


   Skills:
 + Level 8.5 Fighting
 + Level 8.0 Dodging
 - Level 1.0 Stealth
 - Level 9.0 Shields
 * Level 13.6 Unarmed Combat
 + Level 8.3 Invocations


You had 9 spell levels left.
You knew the following spells:

 Your Spells              Type           Power        Failure   Level  Hunger
a - Regeneration          Chrm/Necr      #.........   38%         3    ####...

Your spell library contained the following spells:

 Spells                   Type           Power        Failure   Level  Hunger
 Confuse                  Hex            #.......     38%         3    ####...
 Animate Dead             Necr           N/A          80%         4    #####..
 Pain                     Necr           #...         14%         1    ##.....
 Animate Skeleton         Necr           N/A          14%         1    ##.....
 Vampiric Draining        Necr           #.........   38%         3    ####...
 Confusing Touch          Hex            #.....       14%         1    ##.....
 Metabolic Englaciation   Hex/Ice        #.........   98%         5    ######.
 Petrify                  Tmut/Erth      #.......     80%         4    #####..
 Gell's Gravitas          Tloc           #.........   38%         3    ####...
 Yara's Violent Unravell  Hex/Tmut       #.........   98%         5    ######.


Dungeon Overview and Level Annotations

Branches:
Dungeon (15/15)            Temple (1/1) D:4            Lair (0/6) D:8
    Orc (2/2) D:12            Elf (0/3) Orc:2
 Vaults: D:13-14     Depths: D:15

Altars:
Ashenzari
Cheibriados
Dithmenos
Elyvilon
Fedhas
Gozag
Hepliaklqana
Kikubaaqudgha
Makhleb
Ru
Trog
Uskayaw
Wu Jian
Yredelemnul
Zin
Beogh

Shops:
D:9 ?   Orc:1 (   Orc:2 (?%

Annotations:
D:5 Edmund
D:8 1 runed door
D:13 Frances
Orc:2 Saint Roka


Innate Abilities, Weirdness & Mutations

You are too large for most types of armour.
You have claws for hands.
Your metabolism is lightning-fast.
You like to eat raw meat.
Your natural rate of healing is unusually fast.
You are covered in fur. (AC +1)
You have very tough skin. (AC +2)
Your flesh is cold resistant. (rC+)
Your muscles are strong. (Str +2)


Message History

Unknown command.
Throwing (i - inventory. (/) - cycle)
x - 15 large rocks (quivered)
Press: ? - help, Shift-Dir - straight line, f - Saint Roka
Aim: Saint Roka, wielding a long sword and wearing a chain mail (severely wounded, hasn't noticed you, inner flame)
You throw a large rock.
The large rock barely misses Saint Roka.
Saint Roka shouts!
An orc warrior comes into view. It is wielding a dire flail.
Saint Roka invokes the aid of Beogh against you.
Beogh smites you!
* * * LOW HITPOINT WARNING * * *
Saint Roka calls down the wrath of Beogh upon you.
Beogh smites you!
* * * LOW HITPOINT WARNING * * *
Unknown command.
Unknown command.
You feel better.
Saint Roka mumbles some strange prayers to Beogh against you.
Beogh smites you!
You die...

#..#########......
####.##..##.......[[
###+##8.#..........∩...#.
....4...')8..............
.8..4..o'.)..............
o.o..oo)')8.(#......)....
##+##8o#o)..##.###.)....
####§[.#####...[....
#@§)## ##....... ##§§)§#
##...... #########(§§.##
#....... .............#
##.#.... ###...).....#
###......
##.#o....#######..<.....
#######..#................
#..........######.........
#..........'.))_#.....##..


You could see Saint Roka (inner flame) and an orc warrior.

Vanquished Creatures
  Kirke (D:12)
  An orc warlord (D:12)
  A minotaur (Lab)
  7 two-headed ogres
  Urug (D:12)
  2 unseen horrors
  2 orc knights (Orc:2)
  3 orc sorcerers
  8 ugly things
  A deep elf mage (D:13)
  4 cyclopes
  5 slime creatures (D:13)
  4 red devils (D:15)
  4 trolls
  4 hornets
  A meliai zombie (D:15)
  5 hippogriffs
  Prince Ribbit (D:9)
  A raiju (shapeshifter) (D:10)
  A shadow (D:13)
  2 wraiths (D:10)
  3 wyverns
  A vampire (D:12)
  10 yaks
  Eustachio (D:5)
  A fire bat (Volcano)
  3 hogs (D:13)
  A basilisk (D:15)
  A hungry ghost (D:8)
  A steam dragon (D:13)
  4 vampire mosquitoes
  An acid dragon (D:12)
  4 wargs
  2 soldier ants
  A water moccasin (D:14)
  2 hell hounds (Volcano)
  4 eyes of draining
  2 black bears (D:12)
  4 sky beasts
  23 orc warriors
  3 ice beasts
  12 ogres
  9 centaurs
  7 bullfrogs
  A gnoll sergeant (D:8)
  7 scorpions
  A water moccasin skeleton (D:8)
  7 killer bees
  23 wights
  4 howler monkeys
  5 crimson imps
  2 centaur zombies
  6 hounds
  3 jellies
  22 orc priests
  19 orc wizards
  2 bullfrog skeletons
  9 iguanas
  4 worker ants
  A killer bee zombie (D:5)
  A hound zombie (D:10)
  A worker ant zombie (D:8)
  5 adders
  11 gnolls (D:8)
  5 shadow imps
  An adder zombie (D:5)
  2 adder skeletons
  A worm (D:8)
  2 dart slugs (D:1)
  6 leopard geckos
  107 orcs
  4 bats
  3 giant cockroaches
  5 hobgoblins
  4 jackals
  3 quokkas
  2 frilled lizards
  4 kobolds
  A leopard gecko skeleton (D:6)
  4 rats
447 creatures vanquished.

Vanquished Creatures (others)
  A centaur (Volcano)
1 creature vanquished.

Grand Total: 448 creatures vanquished

Notes
Turn   | Place    | Note
-------+----------+-------------------------------------------
     0 | D:1      | 4thArraOfDagon the Troll Monk began the quest for the Orb.
     0 | D:1      | Reached XP level 1. HP: 22/22 MP: 0/0
   125 | D:1      | Reached XP level 2. HP: 29/29 MP: 1/1
   313 | D:3      | Reached XP level 3. HP: 36/36 MP: 2/2
   504 | D:4      | Noticed a scorpion
   521 | D:5      | Entered Level 5 of the Dungeon
   529 | D:5      | Noticed Edmund
   542 | D:5      | Reached skill level 4 in Unarmed Combat
   542 | D:5      | Reached XP level 4. HP: 38/45 MP: 3/3
   553 | D:6      | Noticed a bullfrog
   565 | D:6      | Killed a bullfrog
   565 | D:6      | Reached skill level 1 in Shields
   565 | D:6      | Reached XP level 5. HP: 37/53 MP: 4/4
   573 | D:6      | Noticed an orc warrior
   578 | D:6      | Reached skill level 5 in Unarmed Combat
   602 | D:5      | Noticed a centaur
   672 | D:4      | Reached XP level 6. HP: 58/61 MP: 5/5
   730 | D:4      | Found a staircase to the Ecumenical Temple.
   740 | Temple   | Entered the Ecumenical Temple
   771 | Temple   | Became a worshipper of Cheibriados the Contemplative
   771 | Temple   | Reached * piety under Cheibriados
   771 | Temple   | Reached ** piety under Cheibriados
   959 | D:5      | Reached skill level 6 in Unarmed Combat
   959 | D:5      | Reached skill level 1 in Invocations
   963 | D:5      | Noticed Eustachio
  1006 | D:5      | Killed Eustachio
  1006 | D:5      | Reached XP level 7. HP: 26/70 MP: 5/7
  1327 | D:7      | Reached *** piety under Cheibriados
  1331 | D:7      | Reached XP level 8. HP: 79/79 MP: 8/8
  1340 | D:7      | Reached skill level 7 in Unarmed Combat
  1579 | D:8      | Reached **** piety under Cheibriados
  1615 | D:8      | Found a staircase to the Lair.
  1769 | D:8      | Noticed a hornet
  1780 | D:8      | Killed a hornet
  1780 | D:8      | Reached skill level 5 in Fighting
  1780 | D:8      | Reached skill level 8 in Unarmed Combat
  1780 | D:8      | Reached XP level 9. HP: 47/88 MP: 10/10
  1981 | D:8      | Found a runed door.
  1981 | D:8      | Noticed a centaur warrior
  1981 | D:8      | Noticed a jumping spider
  1983 | D:8      | Noticed a centaur warrior
  1983 | D:8      | Noticed a cyclops
  1983 | D:8      | Noticed a centaur warrior
  1983 | D:8      | Noticed a fire giant
  2187 | D:7      | Reached skill level 9 in Unarmed Combat
  2267 | D:6      | Found a blossoming altar of Fedhas.
  2292 | D:6      | Reached ***** piety under Cheibriados
  2506 | D:9      | Found Ledghiex's Magic Scroll Shop.
  2601 | D:9      | Noticed Prince Ribbit
  2612 | D:9      | Killed Prince Ribbit
  2612 | D:9      | Reached skill level 5 in Dodging
  2612 | D:9      | Reached XP level 10. HP: 98/98 MP: 12/12
  2830 | D:9      | Reached skill level 5 in Shields
  2834 | D:9      | Reached skill level 5 in Invocations
  2892 | D:8      | Noticed a two-headed ogre
  2895 | D:8      | Killed a two-headed ogre
  2895 | D:8      | Reached skill level 10 in Unarmed Combat
  2937 | D:10     | Entered Level 10 of the Dungeon
  3052 | D:10     | Found a burning altar of Makhleb.
  3059 | D:10     | Noticed a two-headed ogre
  3066 | D:10     | Killed a two-headed ogre
  3177 | D:10     | Reached XP level 11. HP: 105/107 MP: 6/14
  3307 | D:11     | Killed an unseen horror
  3328 | D:11     | Learned a level 3 spell: Regeneration
  3425 | D:11     | Reached ****** piety under Cheibriados
  3493 | D:11     | Noticed a two-headed ogre
  3502 | D:11     | Reached skill level 11 in Unarmed Combat
  3527 | D:11     | Killed a two-headed ogre
  3588 | D:11     | Gained mutation: Your flesh is cold resistant. (rC+) [potion of mutation]
  3588 | D:11     | Gained mutation: Your muscles are strong. (Str +2) [potion of mutation]
  3878 | D:12     | Killed an unseen horror
  3885 | D:12     | Noticed a five-headed hydra
  3946 | D:12     | Noticed Urug
  3959 | D:12     | Killed Urug
  4087 | D:12     | Found a staircase to the Orcish Mines.
  4192 | D:13     | Noticed a brown ugly thing
  4207 | D:13     | Killed a brown ugly thing
  4251 | D:13     | Reached XP level 12. HP: 98/118 MP: 16/16
  4257 | D:13     | Noticed Kirke
  4330 | D:12     | Killed Kirke
  4330 | D:12     | Reached skill level 12 in Unarmed Combat
  4428 | D:14     | Found a labyrinth entrance.
  4443 | Lab      | Entered a labyrinth
  4517 | Lab      | Found an exit through the horrors of the Abyss.
  4585 | Lab      | Noticed a minotaur
  4590 | Lab      | Was placed under penance by Cheibriados
  4595 | Lab      | Killed a minotaur
  4596 | Lab      | Was forgiven by Cheibriados
  4597 | Lab      | Noticed a Tzitzimitl
  4601 | Lab      | HP: 6/177 [Tzitzimitl/bolt of cold[the meddling of Cheibriados] (48)]
  4602 | Lab      | HP: 2/177 [Tzitzimitl[the meddling of Cheibriados] (5)]
  4695 | Lab      | Got a slimy copper ring
  4714 | Lab      | Identified the ring "Onlengaff" {rF+ Str+3} (You found it in a labyrinth)
  4732 | D:15     | Entered Level 15 of the Dungeon
  4735 | D:15     | Noticed a two-headed ogre
  4744 | D:15     | Killed a two-headed ogre
  4936 | D:13     | Noticed Frances
  5382 | Orc:1    | Entered Level 1 of the Orcish Mines
  5382 | Orc:1    | Noticed an orc warlord
  5400 | D:12     | Killed an orc warlord
  5400 | D:12     | Reached skill level 13 in Unarmed Combat
  5400 | D:12     | Reached XP level 13. HP: 67/127 MP: 17/17
  5462 | Orc:2    | Entered Level 2 of the Orcish Mines
  5606 | Orc:2    | Found a roughly hewn altar of Beogh.
  5606 | Orc:2    | Found Gokaj's Weapon Shop.
  5689 | Orc:2    | Found Sonacrav's Food Boutique.
  5745 | Orc:2    | Found a staircase to the Elven Halls.
  5755 | Orc:2    | Found a dark tunnel.
  5764 | Volcano  | Entered a volcano
  5961 | Orc:1    | Found Fietoufam's Antique Weapon Emporium.
  6083 | Orc:2    | Found a roughly hewn altar of Beogh.
  6190 | Orc:2    | Found a roughly hewn altar of Beogh.
  6193 | Orc:2    | Found Hehupeo's Magic Scroll Shoppe.
  6213 | Orc:2    | Bought a scroll of blinking for 112 gold pieces
  6213 | Orc:2    | Bought a scroll of acquirement for 780 gold pieces
  6213 | Orc:2    | Bought a scroll of teleportation for 45 gold pieces
  6213 | Orc:2    | Bought a scroll of teleportation for 45 gold pieces
  6214 | Orc:2    | Got a smoking hat
  6226 | Orc:2    | Identified the +0 hat of Resilience {rPois Str+5 Dex-2} (You acquired it on level 2 of the Orcish Mines)
  6460 | Orc:2    | Found a roughly hewn altar of Beogh.
  6470 | Orc:2    | Found a roughly hewn altar of Beogh.
  6538 | Orc:2    | Noticed Saint Roka
  6554 | Orc:2    | HP: 5/128 [Saint Roka/divine providence (14)]
  6555 | Orc:2    | Killed from afar by Saint Roka

Vault maps used:
D:1:      evilmike_arrival_home_sweet_home
D:2:      tgw_fedhas, first_ration, uniq_natasha
D:4:      minmay_temple_entry_crystal_x, kennysheep_generic_room_16
D:5:      uniq_edmund, uniq_eustachio
D:6:      basic_altar
D:8:      minmay_gate_of_8, lair_entry_dummy, hangedman_pestilent_swarm
D:9:      serial_shops, nicolae_shop_crystal, uniq_prince_ribbit1
D:10:     lemuel_tele_altar
D:12:     orc_0_dummy, enter_trove_0, uniq_urug
D:13:     david_vaults_5, uniq_frances, uniq_kirke
D:14:     lab_entry_generic, minmay_strange_pillars
D:15:     grunt_enter_depths_snipers, minmay_misc_feat_five,
          einodemon_armed_red_devil_minivault
Temple:   compressed_dpeg_circular_temple
Orc:1:    serial_shops, shop
Orc:2:    grunt_orc_community_town_hall, grunt_orc_community_big_house_2,
          grunt_orc_community_big_house_1, grunt_orc_community_house_1,
          grunt_orc_community_house_1, grunt_orc_community_house_1,
          grunt_orc_community_house_3, grunt_orc_community_house_2,
          lightli_volcano_entry_magma_tube, serial_shops, shop, mines2_david
Lab:      labyrinth_mini_lab, labyrinth_fake_exit, labyrinth_skeletal_remains,
          nicolae_lab_garden
Volcano:  volcano_village

Skill      XL: |  1  2  3  4  5  6  7  8  9 10 11 12 13 |
---------------+----------------------------------------+-----
Fighting       | 3 4 5 6 7 8 |  8.5
Unarmed Combat | 4 5 6 8 9 10 11 13 | 13.6
Shields        | 1 2 3 4 5 7 9 |  9.0
Invocations    | 1 2 3 4 5 6 7 8 |  8.3
Dodging        | 3 4 5 6 7 8 |  8.0
Stealth        | |  1.0

Action                   |  1- 3 |  4- 6 |  7- 9 | 10-12 | 13-15 || total
-------------------------+-------+-------+-------+-------+-------++-------
Melee: Unarmed           |    60 |    67 |   315 |   496 |   264 ||  1202
Throw: Large rock        |       |       |       |       |     1 ||     1
Invok: Slouch            |       |       |     1 |     8 |     2 ||    11
       Temporal Distorti |       |       |       |     1 |     1 ||     2
       Step From Time    |       |       |       |     1 |       ||     1
Evoke: Wand              |       |       |     1 |     5 |       ||     6
  Use: Scroll            |     2 |     4 |     2 |     8 |     6 ||    22
       Potion            |       |       |     6 |     6 |     1 ||    13
 Stab: Sleeping          |       |     1 |     2 |     5 |     4 ||    12
       Paralysed         |       |       |     4 |     3 |       ||     7
       Distracted        |       |       |       |     3 |     1 ||     4
  Eat: Chunk             |     9 |     5 |    10 |    21 |     8 ||    53
Armor: Robe              |    19 |    19 |    61 |    54 |    26 ||   179
       Skin              |       |       |       |     4 |       ||     4
Dodge: Dodged            |    24 |    23 |   111 |   266 |   120 ||   544
Block: Shield            |     3 |    23 |   151 |   304 |   206 ||   687

Table legend:
 A = Spawn XP
 B = Non-spawn XP
 C = Spawn XP percentage of total XP
 D = Spawn monster count
 E = Non-spawn monster count
 F = Spawn count percentage of total count
 G = Total turns spent on level
                    A         B        C        D         E        F      G
               +---------+---------+-------+---------+---------+-------+---------
         Total |       0 |   50779 |   0.0 |       0 |     447 |   0.0 |  6555
               +---------+---------+-------+---------+---------+-------+---------
           D:1 |       0 |      28 |   0.0 |       0 |      14 |   0.0 |   214
           D:2 |       0 |       2 |   0.0 |       0 |       2 |   0.0 |    33
           D:3 |       0 |      21 |   0.0 |       0 |      10 |   0.0 |   212
           D:4 |       0 |     315 |   0.0 |       0 |       8 |   0.0 |   296
           D:5 |       0 |     589 |   0.0 |       0 |      10 |   0.0 |   307
           D:6 |       0 |     490 |   0.0 |       0 |      18 |   0.0 |   257
           D:7 |       0 |    1249 |   0.0 |       0 |      22 |   0.0 |   435
           D:8 |       0 |    3336 |   0.0 |       0 |      50 |   0.0 |   700
           D:9 |       0 |    2245 |   0.0 |       0 |      29 |   0.0 |   420
          D:10 |       0 |    3121 |   0.0 |       0 |      28 |   0.0 |   317
          D:11 |       0 |    4053 |   0.0 |       0 |      33 |   0.0 |   508
          D:12 |       0 |    7830 |   0.0 |       0 |      31 |   0.0 |   491
          D:13 |       0 |    7199 |   0.0 |       0 |      32 |   0.0 |   336
          D:14 |       0 |    1224 |   0.0 |       0 |       4 |   0.0 |   265
          D:15 |       0 |    6807 |   0.0 |       0 |      18 |   0.0 |   297
         Orc:1 |       0 |    1882 |   0.0 |       0 |      28 |   0.0 |   268
         Orc:2 |       0 |    7607 |   0.0 |       0 |     101 |   0.0 |   715
           Lab |       0 |    1169 |   0.0 |       0 |       1 |   0.0 |   273
       Volcano |       0 |    1612 |   0.0 |       0 |       8 |   0.0 |   148
               +---------+---------+-------+---------+---------+-------+---------
